 Dungeon Crawl Stone Soup version 0.22.1-1-ga44c0e56f4 (webtiles) character file.

80 JedernureinKreuz the Conjurer (level 3, 0/26 HPs)
             Began as a Demigod Conjurer on Sept 23, 2018.
             Slain by an adder (1 damage)
             ... on level 2 of the Dungeon.
             The game lasted 00:05:29 (1515 turns).

JedernureinKreuz the Conjurer (Demigod Conjurer)    Turns: 1515, Time: 00:05:30

Health: 0/26       AC:  5    Str: 11    XL:     3   Next: 98%
Magic:  0/9        EV: 12    Int: 21    God:
Gold:   26         SH:  0    Dex: 16    Spells: 5/6 levels left

rFire    . . .     SeeInvis .   i - +0 short sword
rCold    . . .     Gourm    .   (no shield)
rNeg     . . .     Faith    .   g - +0 leather armour
rPois    .         Spirit   .   (no helmet)
rElec    .         Reflect  .   n - +0 cloak {+Inv}
rCorr    .         Harm     .   (no gloves)
MR       .....                  m - +0 pair of boots
Stlth    ++........             (no amulet)
HPRegen  0.08/turn              (no ring)
MPRegen  0.11/turn              (no ring)

@: lethally poisoned (0 -> -2)
A: high mp 1
a: Evoke Invisibility


You were on level 2 of the Dungeon.
You were not hungry.

You visited 1 branch of the dungeon, and saw 2 of its levels.

You collected 26 gold pieces.

Inventory:

Hand Weapons
 e - a +0 dagger
 i - a +0 short sword (weapon)
Missiles
 l - 14 poisoned needles
Armour
 a - a +0 robe
 g - a +0 leather armour (worn)
 m - a +0 pair of boots (worn)
 n - a +0 cloak of invisibility (worn)
Scrolls
 d - a scroll of remove curse {unknown}
 f - 4 scrolls of amnesia {unknown}
 h - a scroll of identify {unknown}
 j - a scroll of enchant armour {unknown}
 o - a scroll of fog {unknown}
Potions
 k - a potion of flight {unknown}
 p - a potion of brilliance {unknown}
Comestibles
 b - 2 chunks of flesh
 c - 3 rations


   Skills:
 + Level 0.3 Short Blades
 + Level 2.5 Dodging
 + Level 2.5 Stealth
 + Level 2.3 Spellcasting
 + Level 4.0 Conjurations


You had 5 spell levels left.
You knew the following spells:

 Your Spells              Type           Power        Failure   Level  Hunger
a - Magic Dart            Conj           ###.         3%          1    None

Your spell library contained the following spells:

 Spells                   Type           Power        Failure   Level  Hunger
 Searing Ray              Conj           ###...       5%          2    ##.....
 Dazzling Spray           Conj/Hex       ##....       24%         3    ###....
 Iskenderun's Mystic Bla  Conj           ###.....     34%         4    ####...
 Force Lance              Conj/Tloc      ##......     63%         4    ####...
 Fulminant Prism          Conj/Hex       ##........   63%         4    ####...


Dungeon Overview and Level Annotations

Branches:
Dungeon (2/15)


Innate Abilities, Weirdness & Mutations

You have an increased reservoir of magic. (+10% MP)


Message History

The magic dart hits the adder.
The adder is severely wounded.
The adder misses you. The adder bites you but does no damage.
Casting: Magic Dart (safe; 3% risk of failure)
Confirm with . or Enter, or press ? or * to list all spells.
Aiming: Magic Dart (safe; 3% risk of failure)
Press: ? - help, Shift-Dir - straight line, f/p - adder
Aim: an adder (severely wounded)
The magic dart hits the adder.
The adder is severely wounded.
The adder bites you but does no damage.
You completely miss the adder.
The adder is severely wounded.
The adder misses you. The adder bites you.
* * * LOW HITPOINT WARNING * * *
You hit the adder but do no damage.
The adder is severely wounded.
* * * LOW HITPOINT WARNING * * *
You feel sick. The adder bites you.
You die...

#.. ...............##### ...
.........#........... #.#
....[....#..##..##.## ..#
........<#......##.# ###.###
#.####...)...##.##.# #.....# #.#
##...#...##.##.# #.....#
#?#................#
#.....#####.####.#.#...##.#####
###.##†.......SS@................
...w##.......#.##........########
######.......#..#..#.##..# #
#.......##.#..#.###.# ##
#.......##+#..#.....# .#
#.......#.....#.###)# .##
#######.#.......# #.# ..#
#.#...#.### #.# #.#
#.##....#####.#


You could see 2 adders.

Vanquished Creatures
  4 adders
  A worm (D:2)
  A dart slug (D:1)
  A leopard gecko (D:1)
  A giant cockroach (D:1)
  5 goblins
  2 hobgoblins
  2 jackals (D:1)
  5 kobolds (D:1)
  2 ball pythons (D:1)
  6 bats (D:1)
  5 frilled lizards
  2 rats (D:1)
37 creatures vanquished.

Notes
Turn   | Place    | Note
-------+----------+-------------------------------------------
     0 | D:1      | JedernureinKreuz the Demigod Conjurer began the quest for
                  | the Orb.
     0 | D:1      | Reached XP level 1. HP: 14/14 MP: 5/5
   191 | D:1      | Reached XP level 2. HP: 19/20 MP: 0/7
   896 | D:1      | Reached XP level 3. HP: 26/26 MP: 4/8
  1019 | D:2      | Reached skill level 4 in Conjurations
  1515 | D:2      | HP: 1/26 [poisoned by an adder]
  1515 | D:2      | Slain by an adder

Skill      XL: |  1  2  3 |
---------------+----------+-----
Stealth        | 2 |  2.5
Dodging        | 2 |  2.5
Spellcasting   | 2 |  2.3
Conjurations   | 4 |  4.0
Short Blades   | |  0.3

Action                   || total
-------------------------++-------
Melee: Dagger            ||    52
       Short sword       ||    12
 Cast: Magic Dart        ||    79
  Eat: Chunk             ||     2
Armor: Robe              ||    19
       Leather armour    ||    19
Dodge: Dodged            ||   101
